 Dungeon Crawl Stone Soup version 0.28.0-47-ge53b351184 (webtiles) character file.

Game seed: 6786497294862073154

50705 pkoi the Archer (level 13, -10/105 HPs)
             Began as a Demigod Hunter on Apr 25, 2022.
             Killed from afar by Nessos (13 damage)
             ... with an iceblast
             ... on level 6 of the Lair of Beasts on Apr 26, 2022.
             The game lasted 00:46:49 (30855 turns).

pkoi the Archer (Demigod Hunter)                   Turns: 30855, Time: 00:46:50

Health: -10/105    AC: 19    Str: 13    XL:     13   Next: 86%
Magic:  0/27       EV: 15    Int: 29    God:
Gold:   1121       SH:  0    Dex: 20    Spells: 10/25 levels left

rFire   + . .      SeeInvis .   i - +0 longbow
rCold   . . .      Faith    .   (shield currently unavailable)
rNeg    . . .      Spirit   +   n - +4 ring mail of Tievaaqo {rF+}
rPois   .          Reflect  .   I - +2 helmet
rElec   .          Harm     .   s - +0 cloak
rCorr   .          Rampage  .   F - +2 pair of gloves {Stlth+}
Will    ++...                   J - +0 pair of boots
Stlth   ++........              f - amulet of guardian spirit
HPRegen 0.27/turn               j - ring of willpower
MPRegen 0.20/turn               L - +6 ring of dexterity

@: lethally poisoned (-10 -> -31), freezing walls, studying Translocations
A: high MP 1, forlorn, divine attributes
a: no special abilities


You were on level 6 of the Lair of Beasts.
You visited 2 branches of the dungeon, and saw 16 of its levels.

You collected 1121 gold pieces.

Inventory:

Hand Weapons
 a - a +1 shortbow
 i - a +0 longbow (weapon)
 o - a +2 short sword of venom
 r - the +7 mace of Anathoz {freeze, rPois rN+ Str+4 Dex-5}
   (You found it on level 5 of the Dungeon)

   It freezes those it strikes, dealing additional cold damage.
   It can also slow down cold-blooded creatures.
   Str:       It affects your strength (+4).
   Dex:       It affects your dexterity (-5).
   rPois:     It protects you from poison.
   rN:        It protects you from negative energy.
Missiles
 d - 107 arrows (quivered ammo)
 h - 3 throwing nets
Armour
 n - the +4 ring mail of Tievaaqo (worn) {rF+}
   (You found it on level 2 of the Dungeon)

   rF:        It protects you from fire.
 s - a +0 cloak (worn)
 F - a +2 pair of gloves of stealth (worn)
 I - a +2 helmet (worn)
 J - a +0 pair of boots (worn)
Jewellery
 c - a ring of resist corrosion
 f - an amulet of guardian spirit (around neck)
 j - a ring of willpower (left hand)
 C - a ring of protection from cold
 L - a +6 ring of dexterity (right hand)
Wands
 l - a wand of iceblast (12)
 q - a wand of charming (7)
 t - a wand of flame (41)
 y - a wand of paralysis (9)
 A - a wand of acid (5)
 B - a wand of digging (6)
Scrolls
 b - 3 scrolls of identify
 m - 5 scrolls of teleportation
 w - a scroll of fog
 D - 3 scrolls of blinking
 E - a scroll of enchant weapon
 H - a scroll of enchant armour
 K - a scroll of silence
Potions
 e - a potion of berserk rage
 g - a potion of lignification
 k - a potion of attraction
 p - 3 potions of curing
 u - 2 potions of brilliance
 v - 3 potions of haste
 x - 3 potions of might
 z - a potion of flight
 G - a potion of heal wounds
 M - a potion of invisibility


   Skills:
 + Level 7.2 Fighting
 + Level 12.2 Bows
 + Level 6.2 Armour
 + Level 7.1 Dodging
 - Level 0.8 Stealth
 + Level 6.8 Spellcasting
 + Level 1.2 Conjurations
 - Level 7.0 Translocations
 + Level 5.3 Transmutations
 + Level 5.3 Fire Magic
 - Level 10.0 Ice Magic
 + Level 1.2 Air Magic
 + Level 5.2 Poison Magic


You had 10 spell levels left.
You knew the following spells:

 Your Spells              Type           Power      Damage    Failure   Level
a - Frozen Ramparts       Ice            100%       1d12      1%          3
b - Ozocubu's Armour      Ice            61%        N/A       1%          3
c - Ignite Poison         Fire/Tmut/Pois 40%        N/A       3%          3
d - Apportation           Tloc           100%       N/A       1%          1
e - Freezing Cloud        Conj/Ice/Air   17%        6-21      45%         5

Your spell library contained the following spells:

 Spells                   Type           Power      Damage    Failure   Level
 Freeze                   Ice            100%       1d11      1%          1
 Animate Skeleton         Necr           18%        N/A       10%         1
 Summon Small Mammal      Summ           36%        N/A       10%         1
 Hailstorm                Conj/Ice       42%        3d10      10%         4
 Mephitic Cloud           Conj/Pois/Air  24%        N/A       11%         3
 Alistair's Intoxication  Tmut/Pois      26%        N/A       30%         5
 Blade Hands              Tmut           20%        N/A       30%         5
 Metabolic Englaciation   Hex/Ice        19%        N/A       34%         5
 Animate Armour           Summ/Erth      18%        N/A       69%         4
 Eringya's Noxious Bog    Tmut/Pois      20%        N/A       86%         6
 Simulacrum               Ice/Necr       19%        N/A       89%         6
 Borgnjor's Vile Clutch   Necr/Erth      4%         N/A       95%         5
 Iron Shot                Conj/Erth      6%         9d2       100%        6


Dungeon Overview and Level Annotations

Branches:
Dungeon (10/15)            Temple (0/1) D:6            Lair (6/6) D:10
 Shoals (0/4) Lair:4        Snake (0/4) Lair:3        Slime (0/5) Lair:5
    Orc: D:9-12

Shops:
D:7 (

Annotations:
Lair:5 1 runed translucent door
Lair:6 Nessos


Innate Abilities, Weirdness & Mutations

You have an increased reservoir of magic. (+10% MP)
You shall have no god before yourself.
Your divine heritage dramatically boosts your attributes as you level up.


Message History

The heat melts your icy armour.
Fire: 110 arrows
Press: ? - help, Q - select action, (/) - cycle Shift-Dir - straight line, f/p - Nessos
Aim: Nessos, wielding a +1 longbow of flaming, wearing a +1 barding of fire resistance, quivering arrows and carrying a wand of iceblast (3) (heavily wounded, fast, covered in acid, 77% to hit)
You shoot an arrow. The arrow hits Nessos.
Nessos is heavily wounded.
You feel extremely sick.
Nessos zaps a wand.
The mass of ice explodes!
The iceblast engulfs you.
* * * LOW HITPOINT WARNING * * *
Nessos shoots an arrow.
The arrow hits you.
* * * LOW HITPOINT WARNING * * *
You are lethally poisoned!
You hear a croak.
You hear a bellow!
You hear a trumpeting!
You hear a bellow! x3
The heat melts your icy armour.
Fire: 109 arrows
Press: ? - help, Q - select action, (/) - cycle Shift-Dir - straight line, f/p - Nessos
Aim: Nessos, wielding a +1 longbow of flaming, wearing a +1 barding of fire resistance, quivering arrows and carrying a wand of iceblast (2) (heavily wounded, fast, covered in acid, 77% to hit)
You shoot an arrow. The arrow hits the bullfrog!
The bullfrog is severely wounded.
* * * LOW HITPOINT WARNING * * *
You feel extremely sick.
The wall freezes the bullfrog.
The bullfrog seems to slow down.
The bullfrog closely misses you.
The wall freezes the bullfrog!
You kill the bullfrog!
Fire: 108 arrows
Press: ? - help, Q - select action, (/) - cycle Shift-Dir - straight line, f/p - Nessos
Aim: Nessos, wielding a +1 longbow of flaming, wearing a +1 barding of fire resistance, quivering arrows and carrying a wand of iceblast (2) (heavily wounded, fast, covered in acid, 77% to hit)
You shoot an arrow. The arrow hits Nessos!
Nessos is severely wounded.
Your icy armour evaporates.
* * * LOW HITPOINT WARNING * * *
You feel very sick.
The wall freezes Nessos but does no damage.
Nessos shoots an arrow.
The arrow hits you!!
* * * LOW HITPOINT WARNING * * *
The arrow burns you.
* * * LOW HITPOINT WARNING * * *
The wall freezes Nessos.
Nessos zaps a wand.
The mass of ice explodes!
The iceblast engulfs you!
You die...

.... P... ... .P. .. .. .#.
### ### ## #.###.##
#....#.###(##...#
#....Y...(......#
................##
...............(@#
.....#.#####..c### ....###
###..### ..## #.#.(#.#.# .
..........####
.............##### ### #
............#^#.†###.######
##..#....P....†...#.†...##.
####.###......#†..#...###.


You could see Nessos (fast, corroded).

Vanquished Creatures
  8 hydras
  Harold (D:9)
  A catoblepas (Lair:4)
  A two-headed ogre (D:9)
  10 death yaks
  Urug (Lair:2)
  A goliath frog (Lair:6)
  A lindwurm (Lair:4)
  Pikel (D:4)
  A manticore (Lair:4)
  9 elephants
  6 black mambas
  A centaur zombie (D:10)
  23 cane toads
  12 komodo dragons
  A rime drake (Lair:5)
  2 tyrant leeches (Lair:6)
  Prince Ribbit (D:6)
  2 polar bears (Lair:2)
  A wind drake (Lair:4)
  2 hornets
  A meliai zombie (D:7)
  4 dream sheep (Lair:5)
  19 blink frogs
  A wraith (D:9)
  4 basilisks
  5 wyverns
  38 yaks
  7 vampire mosquitoes
  2 steam dragons
  2 nagas (Lair:3)
  Edmund (D:5)
  14 water moccasins
  2 orc warriors (D:9)
  2 sky beasts (D:6)
  3 black bears
  2 necrophages (D:6)
  13 wolves
  3 centaurs
  3 lemures (D:4)
  A kobold brigand (D:9)
  15 bullfrogs
  5 scorpions
  A water moccasin zombie (D:6)
  6 killer bees (D:8)
  3 electric eels (Lair:1)
  2 howler monkeys
  A jelly (D:7)
  6 orc priests
  Crazy Yiuf (D:5)
  A centaur skeleton (D:6)
  2 gnoll shamans
  An iguana (D:4)
  5 orc wizards
  Ijyb (D:5)
  Robin (D:2)
  A howler monkey zombie (D:9)
  17 gnolls
  10 adders
  3 white imps (D:6)
  An adder skeleton (D:5)
  A worm (D:3)
  17 orcs
  7 ball pythons
  6 bats
  7 endoplasms
  2 giant cockroaches
  14 goblins
  16 hobgoblins
  11 jackals
  11 kobolds
  6 frilled lizards
  8 rats
402 creatures vanquished.

Vanquished Creatures (others)
  An orc wizard (D:5)
  68 fungi
  119 plants
188 creatures vanquished.

Grand Total: 590 creatures vanquished

Notes
Turn   | Place    | Note
-------+----------+-------------------------------------------
     0 | D:1      | pkoi the Demigod Hunter began the quest for the Orb.
     0 | D:1      | Reached XP level 1. HP: 17/17 MP: 3/3
   501 | D:1      | Reached skill level 4 in Bows
   529 | D:1      | Reached XP level 2. HP: 24/24 MP: 4/4
  1444 | D:1      | Reached XP level 3. HP: 27/29 MP: 5/5
  2445 | D:2      | Identified the +4 ring mail of Tievaaqo {rF+}
  3104 | D:2      | Noticed Robin
  3393 | D:2      | HP: 2/43 [hobgoblin[Robin] (1)]
  3412 | D:2      | HP: 1/29 [Robin/+0 mace (1)]
  3413 | D:2      | Killed Robin
  3414 | D:2      | Reached XP level 4. HP: 1/36 MP: 7/7
  4167 | D:3      | Reached skill level 5 in Bows
  4167 | D:3      | Reached skill level 1 in Armour
  4434 | D:3      | Learned a level 3 spell: Frozen Ramparts
  4498 | D:3      | Reached XP level 5. HP: 38/41 MP: 8/8
  4506 | D:3      | Reached skill level 1 in Spellcasting
  5655 | D:3      | Identified a scroll of acquirement
  5655 | D:3      | Acquired a manual of Translocations
  5666 | D:4      | Reached skill level 1 in Ice Magic
  5875 | D:4      | Reached XP level 6. HP: 50/50 MP: 10/10
  7015 | D:4      | Noticed Pikel
  7041 | D:4      | Killed Pikel
  7042 | D:4      | Reached skill level 6 in Bows
  7042 | D:4      | Reached XP level 7. HP: 53/57 MP: 11/13
  7176 | D:5      | Entered Level 5 of the Dungeon
  7675 | D:5      | Reached XP level 8. HP: 44/63 MP: 15/15
  7988 | D:5      | Identified the +7 mace of Anathoz {freeze, rPois rN+ Str+4
                  | Dex-5}
  7991 | D:5      | Found a runed translucent door.
  7992 | D:5      | Noticed Crazy Yiuf
  8002 | D:5      | Killed Crazy Yiuf
  8302 | D:5      | Noticed Ijyb
  8307 | D:5      | Killed Ijyb
  8744 | D:5      | Noticed Edmund
  8990 | D:5      | Killed Edmund
  9598 | D:6      | Reached skill level 7 in Bows
  9620 | D:6      | Found a staircase to the Ecumenical Temple.
 11575 | D:6      | Noticed Prince Ribbit
 11587 | D:6      | Killed Prince Ribbit
 11588 | D:6      | Reached XP level 9. HP: 64/71 MP: 14/17
 11624 | D:6      | Learned a level 3 spell: Ozocubu's Armour
 11628 | D:6      | Learned a level 3 spell: Ignite Poison
 11719 | D:7      | Found Qosiataz's Weapon Shop.
 11732 | D:7      | Reached skill level 8 in Bows
 11732 | D:7      | Reached skill level 5 in Ice Magic
 12695 | D:7      | You fall into a shaft and drop 2 floors!
 12927 | D:9      | Reached skill level 9 in Bows
 13520 | D:9      | Noticed a two-headed ogre
 13535 | D:9      | Killed a two-headed ogre
 13545 | D:9      | HP: 3/71 [orc warrior/+0 scimitar (6)]
 13548 | D:9      | HP: 1/71 [poisoned by a kobold brigand]
 13862 | D:9      | Reached XP level 10. HP: 61/78 MP: 13/18
 14316 | D:9      | Noticed Harold
 14329 | D:9      | Killed Harold
 14330 | D:9      | Reached skill level 10 in Bows
 16481 | D:10     | Entered Level 10 of the Dungeon
 16586 | D:10     | Learned a level 1 spell: Apportation
 16861 | D:10     | Found a staircase to the Lair.
 16897 | D:10     | Reached skill level 5 in Dodging
 16897 | D:10     | Reached skill level 1 in Translocations
 17309 | Lair:1   | Entered Level 1 of the Lair of Beasts
 17324 | Lair:1   | Reached skill level 5 in Fighting
 17580 | Lair:1   | Reached XP level 11. HP: 86/86 MP: 17/21
 18237 | Lair:1   | Reached skill level 5 in Armour
 18519 | Lair:1   | Noticed a five-headed hydra
 18533 | Lair:1   | Killed a five-headed hydra
 19476 | Lair:2   | Noticed a five-headed hydra
 19484 | Lair:2   | Killed a five-headed hydra
 19851 | Lair:2   | Noticed Urug
 19859 | Lair:2   | Killed Urug
 19860 | Lair:2   | Reached skill level 5 in Spellcasting
 20222 | Lair:2   | Noticed a six-headed hydra
 20231 | Lair:2   | Killed a six-headed hydra
 21186 | Lair:2   | Reached skill level 5 in Translocations
 21589 | Lair:2   | Reached skill level 11 in Bows
 22190 | Lair:3   | Reached XP level 12. HP: 86/97 MP: 19/24
 22968 | Lair:3   | Identified the +4 ring mail "Usaiwnon" {*Slow +Blink Str+7}
 23398 | Lair:3   | Reached skill level 1 in Transmutations
 23398 | Lair:3   | Reached skill level 1 in Fire Magic
 23398 | Lair:3   | Reached skill level 1 in Poison Magic
 23559 | Lair:3   | Found a staircase to the Snake Pit.
 24653 | Lair:4   | Noticed an eight-headed hydra
 24667 | Lair:4   | Killed an eight-headed hydra
 25279 | Lair:4   | Noticed a catoblepas
 25303 | Lair:4   | Killed a catoblepas
 25887 | Lair:4   | Found a staircase to the Shoals.
 27510 | Lair:4   | Reached XP level 13. HP: 90/105 MP: 14/26
 28052 | Lair:5   | Reached skill level 10 in Ice Magic
 29336 | Lair:5   | Found a runed translucent door.
 29799 | Lair:5   | Found a staircase to the Slime Pits.
 29842 | Lair:6   | Entered Level 6 of the Lair of Beasts
 29859 | Lair:6   | Reached skill level 12 in Bows
 30115 | Lair:6   | Reached skill level 5 in Transmutations
 30177 | Lair:6   | Reached skill level 5 in Fire Magic
 30206 | Lair:6   | Learned a level 5 spell: Freezing Cloud
 30304 | Lair:6   | Reached skill level 5 in Poison Magic
 30667 | Lair:6   | Reached skill level 1 in Conjurations
 30670 | Lair:6   | Reached skill level 1 in Air Magic
 30844 | Lair:6   | Noticed Nessos
 30855 | Lair:6   | HP: 3/105 [Nessos/arrow (3)]
 30855 | Lair:6   | Killed from afar by Nessos

Illustrated notes

Levels and vault maps discovered:
D:1:      dpeg_arrival_ternary, layout_rooms, minmay_misc_feat_four_crosses
D:2:      layout_basic, uniq_robin
D:3:      layout_loops_ring, minmay_fountain_box
D:4:      old_forge, layout_rooms, uniq_pikel
D:5:      layout_basic, mainiacjoe_overflow_catwalk_spiral, doesnt_xom_only_xom,
          item_on_display_a, uniq_edmund, uniq_ijyb, uniq_crazy_yiuf_cottage
D:6:      layout_rooms, mainiacjoe_overflow_boulevard,
          minmay_temple_entry_crystal_x, serial_co_window_serial,
          co_window_paths_a, co_window_paths_a, co_window_corner_a,
          co_window_corner_a, co_window_paths_a, co_window_unsneaky_path_d,
          co_window_corner_b, co_window_of_opportunity_c,
          co_window_of_opportunity_c, co_window_corner_cb, co_window_broadway_a,
          co_window_of_opportunity_b, co_window_sun, co_window_paths_d,
          minmay_misc_feat_iff, uniq_prince_ribbit1
D:7:      layout_basic, enter_bailey_7, nicolae_stop_n_shop_2
D:8:      layout_cave_pools, gammafunk_temple_overflow_statue
D:9:      minmay_recursive_quarters, layout_basic, old_standard_altar,
          uniq_harold
D:10:     layout_small_grid, bloody_makhleb, david_lair_shrubbed
Lair:1:   layout_gridlike
Lair:2:   layout_regular_city, uniq_urug
Lair:3:   layout_hall_layers, guppyfry_snake_entry_garden
Lair:4:   layout_layer_cave, minmay_shoals_entry_beasts, grunt_megastairs_4
Lair:5:   layout_small_grid, slime_altar_2
Lair:6:   minmay_lair_end_frog_pond, layout_concentric_octagons,
          nicolae_lair_lakeside_cave, uniq_nessos

Skill      XL: |  1  2  3  4  5  6  7  8  9 10 11 12 13 |
---------------+----------------------------------------+-----
Bows           | 4 5 6 7 9 10 11 12 | 12.2
Dodging        | 2 3 4 5 6 7 |  7.1
Fighting       | 2 3 4 5 6 7 |  7.2
Armour         | 1 2 3 4 5 6 |  6.2
Spellcasting   | 1 2 3 4 5 6 |  6.8
Ice Magic      | 1 2 4 7 8 9 10 | 10.0
Translocations | 1 5 7 |  7.0
Transmutations | 3 5 |  5.3
Fire Magic     | 3 5 |  5.3
Poison Magic   | 3 5 |  5.2
Conjurations   | 1 |  1.2
Air Magic      | 1 |  1.2
Stealth        | |  0.8

Action                   |  1- 3 |  4- 6 |  7- 9 | 10-12 | 13-15 || total
-------------------------+-------+-------+-------+-------+-------++-------
Melee: Short sword       |   177 |   153 |    40 |    48 |    32 ||   450
       Punch             |     1 |     1 |     2 |     3 |       ||     7
       Mace              |       |       |   118 |   171 |    98 ||   387
       Longbow           |       |       |       |     1 |       ||     1
 Fire: Shortbow          |     5 |    34 |       |       |       ||    39
       Longbow           |    16 |    42 |    66 |   207 |   109 ||   440
 Cast: Frozen Ramparts   |       |       |    24 |    81 |    45 ||   150
       Ozocubu's Armour  |       |       |     1 |    24 |    23 ||    48
       Ignite Poison     |       |       |       |     8 |     6 ||    14
Evoke: Wand              |       |       |     1 |       |     4 ||     5
  Use: Potion            |     4 |       |     2 |     1 |       ||     7
       Scroll            |       |     7 |     5 |     5 |       ||    17
 Stab: Sleeping          |       |       |       |     1 |       ||     1
Armor: Ring mail         |    92 |    75 |   133 |   190 |   168 ||   658
       Leather armour    |     2 |       |       |       |       ||     2
Dodge: Dodged            |   133 |   101 |   133 |   256 |   182 ||   805
